[ AOE2 MATCH · #507832735 ]
UnrankedRomans vs Goths
Player's team · WIN
Rival team · LOSS
[ REPLAY ANALYSIS · EXTRACTED FROM THE RECORDED GAME ]
Feudal
10:31
Castle
24:23
Imperial
—
| APM avg | 80.1 |
| APM peak | 134 |
| eAPM avg | 24.8 |
| Villagers / military | 49 / 27 |
Focus
⚔️ 31.5% · 🌾 68.5%
Archer ×16 · Scout Cavalry ×6 · Militia ×3 · Knight ×2
Feudal
9:22
Castle
—
Imperial
—
| APM avg | 57.5 |
| APM peak | 87 |
| eAPM avg | 18.4 |
| Villagers / military | 40 / 26 |
Focus
⚔️ 32.2% · 🌾 67.8%
Militia ×12 · Skirmisher ×11 · Archer ×2 · Spearman ×1
Match map
Initial resources + every placement click. Lines = walls · curves = elevation contours. ◆ gold · ⬟ stone · ● berries · ✦ relic · ◌ wall gap
Your base· Open — unwalled flank
inhoftah's base· Open — unwalled flank
Smoothed initial terrain · ◌ = detected wall gap · hover for details
Inputs per minute
— uel - - inhoftah
Build order — uel
149 actions detected in the replay
| 0:01 | Queue | Villager (Male) |
| 0:01 | Queue | Villager (Male) |
| 0:02 | Queue | Villager (Male) |
| 0:03 | Build | House |
| 0:06 | Build | House |
| 0:19 | Queue | Villager (Male) |
| 1:28 | Queue | Villager (Male) |
| 1:29 | Queue | Villager (Male) |
| 1:55 | Queue | Villager (Male) |
| 2:13 | Build | Lumber Camp |
| 2:18 | Queue | Villager (Male) |
| 2:48 | Queue | Villager (Male) |
| 3:10 | Queue | Villager (Male) |
| 3:26 | Queue | Villager (Male) |
| 4:00 | Build | House |
| 4:06 | Queue | Villager (Male) |
| 4:21 | Queue | Villager (Male) |
| 4:26 | Build | House |
| 4:41 | Queue | Villager (Male) |
| 4:56 | Build | Barracks |
| 5:17 | Build | House |
| 5:22 | Queue | Villager (Male) |
| 5:39 | Queue | Villager (Male) |
| 5:51 | Queue | Militia |
| 5:51 | Queue | Militia |
| 5:54 | Queue | Villager (Male) |
| 6:04 | Queue | Villager (Male) |
| 6:27 | Queue | Militia |
| 6:28 | Queue | Villager (Male) |
| 6:30 | Build | Mill |
| 7:09 | Queue | Villager (Male) |
| 7:13 | Research | Loom |
| 8:18 | Research | Feudal Age |
| 8:19 | Research | Feudal Age |
| 8:43 | Build | Lumber Camp |
| 8:49 | Build | Mining Camp |
| 9:00 | Queue | Villager (Male) |
| 9:49 | Queue | Villager (Male) |
| 10:05 | Build | Farm |
| 10:09 | Build | Farm |
| 10:22 | Queue | Villager (Male) |
| 10:31 | Age | Feudal Age |
| 10:32 | Build | Archery Range |
| 10:33 | Research | Man-at-Arms (upgrade) |
| 10:34 | Research | Double-Bit Axe |
| 10:34 | Research | Double-Bit Axe |
| 11:14 | Queue | Archer |
| 11:17 | Queue | Villager (Male) |
| 11:19 | Build | House |
| 11:20 | Build | House |
| 11:22 | Queue | Archer |
| 11:37 | Queue | Villager (Male) |
| 11:41 | Build | House |
| 11:43 | Build | House |
| 11:44 | Build | House |
| 11:46 | Build | House |
| 11:48 | Build | Palisade Wall |
| 11:52 | Build | Palisade Wall |
| 11:54 | Queue | Villager (Male) |
| 11:54 | Queue | Villager (Male) |
| 11:56 | Queue | Archer |
| 12:11 | Queue | Villager (Male) |
| 12:15 | Build | Farm |
| 12:31 | Queue | Villager (Male) |
| 12:50 | Queue | Villager (Male) |
| 12:51 | Build | Farm |
| 12:53 | Build | Farm |
| 13:22 | Build | Palisade Wall |
| 13:23 | Build | Palisade Wall |
| 13:34 | Queue | Villager (Male) |
| 13:43 | Queue | Villager (Male) |
| 13:43 | Queue | Villager (Male) |
| 13:45 | Queue | Archer |
| 13:55 | Queue | Villager (Male) |
| 14:09 | Build | Farm |
| 14:11 | Build | Farm |
| 14:14 | Build | Farm |
| 14:14 | Build | Farm |
| 14:14 | Build | Farm |
| 14:23 | Build | Blacksmith |
| 14:36 | Build | Farm |
| 14:39 | Queue | Archer |
| 14:41 | Build | Farm |
| 14:54 | Queue | Villager (Male) |
| 15:09 | Research | Fletching |
| 15:09 | Research | Fletching |
| 15:30 | Research | Horse Collar |
| 15:30 | Research | Horse Collar |
| 15:31 | Queue | Archer |
| 15:36 | Queue | Villager (Male) |
| 15:44 | Build | Farm |
| 15:45 | Build | House |
| 15:53 | Queue | Archer |
| 16:26 | Queue | Archer |
| 16:35 | Queue | Villager (Male) |
| 16:37 | Build | Stable |
| 16:57 | Queue | Archer |
| 16:57 | Queue | Archer |
| 17:05 | Queue | Scout Cavalry |
| 17:05 | Queue | Scout Cavalry |
| 17:08 | Queue | Villager (Male) |
| 17:08 | Build | Farm |
| 17:09 | Build | Farm |
| 17:09 | Build | Farm |
| 17:27 | Build | Farm |
| 17:36 | Queue | Archer |
| 17:36 | Queue | Scout Cavalry |
| 17:50 | Queue | Scout Cavalry |
| 17:53 | Build | Farm |
| 18:08 | Queue | Villager (Male) |
| 18:15 | Queue | Archer |
| 18:35 | Queue | Villager (Male) |
| 18:35 | Build | Farm |
| 18:37 | Queue | Archer |
| 18:45 | Queue | Villager (Male) |
| 18:59 | Queue | Archer |
| 18:59 | Queue | Scout Cavalry |
| 19:13 | Queue | Villager (Male) |
| 19:14 | Build | Market |
| 19:26 | Queue | Archer |
| 19:34 | Queue | Villager (Male) |
| 19:40 | Queue | Scout Cavalry |
| 20:01 | Build | Farm |
| 20:02 | Queue | Villager (Male) |
| 20:15 | Queue | Villager (Male) |
| 20:31 | Build | Farm |
| 20:31 | Build | Farm |
| 20:31 | Build | Farm |
| 20:31 | Build | Farm |
| 20:52 | Queue | Archer |
| 21:18 | Queue | Villager (Male) |
| 21:26 | Queue | Villager (Male) |
| 21:33 | Research | Castle Age |
| 21:33 | Research | Castle Age |
| 21:38 | Build | Stable |
| 22:13 | Research | Bloodlines |
| 22:13 | Research | Bloodlines |
| 22:19 | Build | Lumber Camp |
| 22:21 | Build | Palisade Wall |
| 22:22 | Build | Palisade Wall |
| 22:33 | Research | Scale Barding Armor |
| 23:19 | Research | Gold Mining |
| 23:54 | Queue | Villager (Male) |
| 24:23 | Age | Castle Age |
| 24:25 | Queue | Knight |
| 24:26 | Research | Chain Barding Armor |
| 24:27 | Research | Bow Saw |
| 24:29 | Queue | Knight |
| 24:31 | Queue | Villager (Male) |
Build order — inhoftah
133 actions detected in the replay
| 0:01 | Queue | Villager (Male) |
| 0:02 | Build | House |
| 0:05 | Build | House |
| 0:13 | Queue | Villager (Male) |
| 0:13 | Queue | Villager (Male) |
| 0:14 | Queue | Villager (Male) |
| 1:27 | Queue | Villager (Male) |
| 2:03 | Queue | Villager (Male) |
| 2:03 | Queue | Villager (Male) |
| 2:11 | Build | Lumber Camp |
| 2:16 | Queue | Villager (Male) |
| 2:34 | Research | Loom |
| 2:50 | Queue | Villager (Male) |
| 3:06 | Build | House |
| 3:11 | Queue | Villager (Male) |
| 3:27 | Build | House |
| 3:45 | Queue | Villager (Male) |
| 4:10 | Queue | Villager (Male) |
| 4:19 | Queue | Villager (Male) |
| 4:40 | Build | Mill |
| 4:51 | Queue | Villager (Male) |
| 4:51 | Queue | Villager (Male) |
| 5:43 | Queue | Villager (Male) |
| 6:07 | Queue | Villager (Male) |
| 6:47 | Queue | Villager (Male) |
| 7:09 | Research | Feudal Age |
| 7:12 | Build | Barracks |
| 8:02 | Build | Palisade Wall |
| 8:03 | Build | Palisade Wall |
| 8:13 | Queue | Militia |
| 8:15 | Build | House |
| 8:48 | Queue | Militia |
| 9:00 | Build | Palisade Wall |
| 9:01 | Build | Palisade Wall |
| 9:01 | Build | Palisade Wall |
| 9:03 | Build | Palisade Wall |
| 9:10 | Queue | Militia |
| 9:22 | Age | Feudal Age |
| 9:47 | Build | Mining Camp |
| 9:55 | Queue | Villager (Male) |
| 10:17 | Research | Man-at-Arms (upgrade) |
| 10:17 | Research | Man-at-Arms (upgrade) |
| 10:25 | Queue | Villager (Male) |
| 10:28 | Research | Double-Bit Axe |
| 10:46 | Build | Palisade Wall |
| 10:54 | Build | Palisade Wall |
| 11:16 | Build | Archery Range |
| 11:40 | Queue | Villager (Male) |
| 11:47 | Research | Horse Collar |
| 12:12 | Build | Palisade Wall |
| 12:15 | Queue | Villager (Male) |
| 12:16 | Build | Farm |
| 12:37 | Build | Farm |
| 12:38 | Queue | Villager (Male) |
| 12:43 | Queue | Militia |
| 12:56 | Build | Farm |
| 12:57 | Build | Farm |
| 12:58 | Build | Farm |
| 12:59 | Queue | Villager (Male) |
| 13:21 | Queue | Archer |
| 13:53 | Queue | Villager (Male) |
| 13:55 | Build | Farm |
| 13:56 | Build | Farm |
| 14:00 | Queue | Villager (Male) |
| 14:03 | Build | Farm |
| 14:12 | Queue | Militia |
| 14:18 | Build | Farm |
| 14:19 | Build | Farm |
| 14:22 | Queue | Villager (Male) |
| 14:26 | Queue | Militia |
| 14:28 | Queue | Skirmisher |
| 14:35 | Build | House |
| 14:36 | Build | House |
| 14:37 | Queue | Villager (Male) |
| 14:48 | Build | House |
| 14:48 | Build | House |
| 14:52 | Build | Palisade Wall |
| 14:59 | Queue | Skirmisher |
| 15:27 | Queue | Villager (Male) |
| 15:38 | Queue | Skirmisher |
| 15:42 | Queue | Villager (Male) |
| 15:45 | Build | House |
| 16:07 | Queue | Skirmisher |
| 16:10 | Queue | Villager (Male) |
| 16:11 | Queue | Militia |
| 16:34 | Queue | Skirmisher |
| 16:37 | Queue | Militia |
| 16:38 | Queue | Villager (Male) |
| 16:59 | Build | Blacksmith |
| 17:20 | Queue | Militia |
| 17:32 | Queue | Skirmisher |
| 17:50 | Queue | Skirmisher |
| 17:51 | Research | Fletching |
| 17:52 | Queue | Villager (Male) |
| 17:56 | Build | Farm |
| 17:57 | Build | Farm |
| 17:58 | Build | Farm |
| 18:00 | Queue | Villager (Male) |
| 18:10 | Queue | Militia |
| 18:10 | Queue | Skirmisher |
| 18:16 | Queue | Spearman |
| 18:41 | Queue | Archer |
| 18:50 | Build | Watch Tower |
| 19:33 | Research | Scale Mail Armor |
| 19:34 | Queue | Villager (Male) |
| 19:45 | Build | House |
| 20:09 | Queue | Militia |
| 20:10 | Queue | Militia |
| 20:16 | Queue | Villager (Male) |
| 20:17 | Build | Farm |
| 20:42 | Build | Palisade Gate |
| 20:45 | Build | House |
| 20:51 | Queue | Skirmisher |
| 20:52 | Queue | Villager (Male) |
| 20:58 | Queue | Villager (Male) |
| 21:01 | Build | House |
| 21:25 | Build | Farm |
| 21:27 | Build | Farm |
| 21:28 | Build | Farm |
| 21:30 | Queue | Skirmisher |
| 21:47 | Queue | Villager (Male) |
| 21:58 | Build | Farm |
| 21:59 | Build | Farm |
| 22:17 | Queue | Villager (Male) |
| 22:27 | Research | Wheelbarrow |
| 22:37 | Queue | Skirmisher |
| 22:43 | Build | Farm |
| 22:48 | Build | Farm |
| 23:04 | Build | Farm |
| 23:41 | Research | Castle Age |
| 24:17 | Build | Stable |
| 24:21 | Build | Stable |
| 24:23 | Research | Scale Barding Armor |
Match timeline
| 4:56 | uel · first_building Barracks |
| 7:12 | inhoftah · first_building Barracks |
| 8:02 | inhoftah · wall_segment Palisade Wall x1 |
| 8:03 | inhoftah · wall_segment Palisade Wall x1 |
| 9:00 | inhoftah · wall_segment Palisade Wall x1 |
| 9:01 | inhoftah · wall_segment Palisade Wall x1 |
| 9:01 | inhoftah · wall_segment Palisade Wall x1 |
| 9:03 | inhoftah · wall_segment Palisade Wall x1 |
| 9:22 | inhoftah · age_up feudal |
| 10:31 | uel · age_up feudal |
| 10:32 | uel · first_building Archery Range |
| 10:46 | inhoftah · wall_segment Palisade Wall x1 |
| 10:54 | inhoftah · wall_segment Palisade Wall x1 |
| 11:16 | inhoftah · first_building Archery Range |
| 11:48 | uel · wall_segment Palisade Wall x1 |
| 11:52 | uel · wall_segment Palisade Wall x1 |
| 12:12 | inhoftah · wall_segment Palisade Wall x1 |
| 13:22 | uel · wall_segment Palisade Wall x1 |
| 13:23 | uel · wall_segment Palisade Wall x1 |
| 14:52 | inhoftah · wall_segment Palisade Wall x1 |
| 16:37 | uel · first_building Stable |
| 21:27 | uel · first_market_buy 100 food |
| 22:21 | uel · wall_segment Palisade Wall x1 |
| 22:22 | uel · wall_segment Palisade Wall x1 |
| 24:17 | inhoftah · first_building Stable |
| 24:23 | uel · age_up castle |
| 24:33 | inhoftah · resign |
[ AI ANALYSIS · 1 CREDIT ]
What really happened in this match?
Wolo.gg analyzes every decision: build order, eco, micro, common mistakes by bracket. Personalized analysis on WhatsApp or Discord in 30 seconds.
Civ guide
Romans
Perfil
Jugador #9754373